 Dungeon Crawl Stone Soup version 0.17-b1-15-g0f5fb43 (webtiles) character file.

142 Eucla the Skirmisher (level 5, 0/33 HPs)
             Began as a Gargoyle Berserker on Nov 8, 2015.
             Was a Priest of Trog.
             Slain by Pikel
             ... wielding a +0 whip of freezing
              (2 damage)
             ... on level 4 of the Dungeon.
             The game lasted 00:02:26 (1563 turns).

Eucla the Skirmisher (Gargoyle Berserker)           Turns: 1563, Time: 00:02:26

Health: 0/33       AC:  9    Str: 20    XL:     5   Next: 24%
Magic:  5/5        EV: 11    Int:  8    God:    Trog [***...]
Gold:   78         SH:  0    Dex: 10    Spells: 0 memorised, 4 levels left

rFire  . . .     SeeInvis .     a - +0 hand axe
rCold  . . .     Clarity  .     j - +0 ring mail
rNeg   + . .     SustAt   .     (no shield)
rPois  ∞         Gourm    .     (no helmet)
rElec  +         Spirit   .     (no cloak)
rCorr  .         Warding  .     (no gloves)
rMut   .         Stasis   .     (no boots)
MR     .....                    (no amulet)
Stlth  ..........               (no ring)
                                (no ring)

@: exhausted, slowed, very slow, not resistant to hostile enchantments,
extremely unstealthy
A: negative energy resistance 1, electricity resistance, unbreathing,
petrification resistance, rot immunity, AC +4
a: Berserk, Trog's Hand, Burn Spellbooks, Renounce Religion


You were on level 4 of the Dungeon.
You worshipped Trog.
Trog was most pleased with you.
You were near starving.

You visited 1 branch of the dungeon, and saw 4 of its levels.

You collected 78 gold pieces.

Inventory:

Hand Weapons
 a - a +0 hand axe (weapon)
Armour
 b - a +0 animal skin
 j - a +0 ring mail (worn)
Scrolls
 e - a scroll of magic mapping {unknown}
 g - 4 scrolls of identify {unknown}
 n - a scroll of amnesia {unknown}
 q - 3 scrolls of remove curse {unknown}
Potions
 d - a potion of flight {unknown}
 f - a potion of heal wounds {unknown}
 i - 2 potions of poison {unknown}
 k - a potion of degeneration {unknown}
 m - a potion of agility {unknown}
Comestibles
 c - a bread ration
 h - a meat ration
 l - 2 beef jerkies
 o - 2 slices of pizza


   Skills:
 + Level 4.2 Fighting
 + Level 3.6 Axes
 + Level 3.2 Armour
 + Level 2.4 Dodging


You had 4 spell levels left.
You didn't know any spells.

Dungeon Overview and Level Annotations

Branches:
Dungeon (4/15)
 Temple: D:4-7

Altars:
Dithmenos
Fedhas
Makhleb

Annotations:
D:4 Pikel


Innate Abilities, Weirdness & Mutations

You are resistant to torment.
Your stone body is resilient (AC +4).
You are immune to poison.
You resist negative energy.
You are resistant to electric shocks.
You can survive without breathing.
You are immune to petrification.
You are immune to rotting.


Message History

Pikel is heavily wounded.
You hit the slave.
You kill the slave!
That felt strangely unrewarding.
You are no longer berserk.
You pass out from exhaustion.
You feel yourself slow down.
You are near starving!
Pikel hits you but does no damage. Pikel hits you but does no damage.
You can move again.
You completely miss Pikel.
Pikel is heavily wounded.
Pikel closely misses you. x2
Unknown command.
You hit Pikel but do no damage.
Pikel is heavily wounded.
Pikel hits you with a whip of freezing.
* * * LOW HITPOINT WARNING * * *
Pikel freezes you.
You die...

###########
#.........
.........
.......
#....#
##....###
#..[[K..#
#..[@[..#
#......<#
####....#
#+####


You could see Pikel.

Vanquished Creatures
  4 slaves (D:4)
  The ghost of Bonfire the Skirmisher, a weakling CeFi (D:3)
  An adder (D:2)
  A gnoll (D:1)
  3 worms
  A giant gecko (D:1)
  7 bats
  3 giant cockroaches
  5 hobgoblins
  3 jackals (D:3)
  9 kobolds
  2 quokkas
  A giant newt (D:1)
  3 goblins
  37 rats
81 creatures vanquished.

Notes
Turn   | Place    | Note
--------------------------------------------------------------
     0 | D:1      | Eucla the Gargoyle Berserker began the quest for the Orb.
     0 | D:1      | Reached XP level 1. HP: 14/14 MP: 1/1
   165 | D:1      | Reached XP level 2. HP: 19/19 MP: 2/2
   243 | D:1      | Reached XP level 3. HP: 24/24 MP: 3/3
   492 | D:2      | Found a blossoming altar of Fedhas.
   496 | D:2      | Found a shadowy altar of Dithmenos.
   603 | D:2      | Reached ** piety under Trog
   642 | D:2      | Reached skill level 4 in Fighting
   900 | D:2      | Reached XP level 4. HP: 29/29 MP: 4/4
   951 | D:2      | Reached *** piety under Trog
  1110 | D:2      | You fall through a shaft!
  1241 | D:3      | Noticed Bonfire's ghost (weakling CeFi)
  1252 | D:3      | Killed Bonfire's ghost
  1252 | D:3      | Reached XP level 5. HP: 33/33 MP: 5/5
  1370 | D:3      | Found a burning altar of Makhleb.
  1540 | D:4      | Noticed Pikel
  1540 | D:4      | Noticed a slave
  1540 | D:4      | Noticed a slave
  1540 | D:4      | Noticed a slave
  1542 | D:4      | Noticed a slave
  1551 | D:4      | Killed a slave
  1554 | D:4      | Killed a slave
  1556 | D:4      | Killed a slave
  1560 | D:4      | Killed a slave
  1563 | D:4      | Slain by Pikel

Action                   |  1- 3 |  4- 6 || total
-------------------------+-------+-------++-------
Melee: Hand axe          |    93 |   121 ||   214
Invok: Berserk           |     1 |     2 ||     3
  Eat: Chunk             |     1 |     3 ||     4
